 Dungeon Crawl Stone Soup version 0.28.0-53-g5a82cb258f (webtiles) character file.

Game seed: 9504539852023526401

23 masada555 the Ruffian (level 2, -2/29 HPs)
             Began as a Troll Monk on July 10, 2022.
             Slain by Sigmund
             ... wielding a +0 scythe
              (9 damage)
             ... on level 2 of the Dungeon.
             The game lasted 00:03:43 (813 turns).

masada555 the Ruffian (Troll Monk)                   Turns: 813, Time: 00:03:44

Health: -2/29      AC:  4    Str: 18    XL:     2   Next: 75%
Magic:  1/1        EV: 10    Int:  6    God:
Gold:   40         SH:  0    Dex: 12    Spells: 1/1 levels left

rFire   . . .      SeeInvis .     - Unarmed
rCold   . . .      Faith    .   (no shield)
rNeg    . . .      Spirit   .   a - +0 robe
rPois   .          Reflect  .   (helmet restricted)
rElec   .          Harm     .   (no cloak)
rCorr   .          Rampage  .   (gloves unavailable)
Will    .....                   (boots unavailable)
Stlth   ++........              (no amulet)
HPRegen 0.89/turn               (no ring)
MPRegen 0.07/turn               (no ring)

@: no status effects
A: large, unfitting armour, claws 3, regeneration 1, shaggy fur 1, tough skin 1
a: no special abilities


You were on level 2 of the Dungeon.
You visited 1 branch of the dungeon, and saw 2 of its levels.

You collected 40 gold pieces.

Inventory:

Armour
 a - a +0 robe (worn)
Scrolls
 b - a scroll of immolation {unknown}
 d - a scroll of enchant weapon {unknown}
Potions
 c - a potion of attraction {unknown}


   Skills:
 + Level 2.9 Fighting
 - Level 2.4 Dodging
 - Level 1.0 Stealth
 + Level 3.5 Unarmed Combat


You had one spell level left.
You didn't know any spells.
Your spell library was empty.

Dungeon Overview and Level Annotations

Branches:
Dungeon (2/15)

Altars:

Annotations:
D:2 Sigmund


Innate Abilities, Weirdness & Mutations

You are too large for most types of armour.
You have claws for hands.
Your natural rate of healing is unusually fast.
You are covered in fur. (AC +1)
You have tough skin. (AC +1)


Message History

(D) Dungeon
Where to? (Enter - D:2, ? - help)
You see here a +0 hand axe.
There is a stone staircase leading down here.
You climb downwards.
There is a stone staircase leading up here.
A worm is nearby!
The helpless worm fails to defend itself.
You claw the worm!
The worm is almost dead.
The worm bites you.
You scratch the worm.
You kill the worm!
HP restored.
There is a stone staircase leading up here.
Found 28 arrows.
You see here 28 arrows.
d - a scroll labelled YNGIEPOYCS Sigmund the Dreaded comes into view.
He is wielding a +0 scythe.
Sigmund shouts!
You hear a shout!
Okay, then.
Okay, then.
Unknown command.
Sigmund casts a spell.
Sigmund flickers and vanishes!
Deactivating autopickup; reactivate with Ctrl-A.
You miss something. Something hits you!
You barely miss something. Something hits you.
You closely miss something. You closely miss something. Something hits you!
You miss something. Something hits you.
You miss something. You claw something! Something hits you.
* * * LOW HITPOINT WARNING * * *
You closely miss something. You completely miss something. Something hits you.
* * * LOW HITPOINT WARNING * * *
A rat comes into view.
You closely miss something. Something hits you!
You die...

########.###
#........#
#.########
#.# #.# #
#.# #. #.
#.# ##..#.#
#.#
.......##@#
#r....{.#
##...####
##.# #. . ##


You could see a rat.

Vanquished Creatures
  A worm (D:2)
  5 bats (D:1)
  3 endoplasms (D:1)
  2 giant cockroaches (D:1)
  A goblin (D:1)
  2 hobgoblins (D:1)
  2 ball pythons (D:1)
  A rat (D:1)
17 creatures vanquished.

Notes
Turn   | Place    | Note
-------+----------+-------------------------------------------
     0 | D:1      | masada555 the Troll Monk began the quest for the Orb.
     0 | D:1      | Reached XP level 1. HP: 22/22 MP: 0/0
   135 | D:1      | Reached XP level 2. HP: 29/29 MP: 1/1
   777 | D:2      | Noticed Sigmund
   813 | D:2      | Slain by Sigmund

Illustrated notes

Levels and vault maps discovered:
D:1:      nagdon_arrival_double_spiral, layout_rooms, serial_rivers,
          chequers_serial_rivers_micro_b, chequers_serial_rivers_micro_c,
          chequers_serial_rivers_small_b, chequers_serial_rivers_small_a,
          hangedman_glass_teeth
D:2:      layout_loops_ring, hellmonk_ecumenical_altar_pennies_from_heaven,
          uniq_sigmund, uniq_natasha

Action                   || total
-------------------------++-------
Melee: Unarmed           ||    49
 Stab: Sleeping          ||     2
Armor: Robe              ||    21
Dodge: Dodged            ||    18
